 Dungeon Crawl Stone Soup version 0.29-a0-284-gf9362112df (webtiles) character file.

Game seed: 13104049139613909846

14 YayAnonymity the Shield-Bearer (level 2, -3/24 HPs)
             Began as a Formicid Fighter on Mar 17, 2022.
             Slain by a gnoll
             ... wielding a +2 vorpal spear
              (6 damage)
             ... on level 1 of the Dungeon.
             The game lasted 00:01:06 (571 turns).

YayAnonymity the Shield-Bearer (Formicid Fighter)    Turns: 571, Time: 00:01:07

Health: -3/24      AC:  6    Str: 20    XL:     2   Next: 55%
Magic:  2/2        EV:  9    Int:  7    God:
Gold:   18         SH:  4    Dex: 10    Spells: 1/1 levels left

rFire   . . .      SeeInvis +   a - +0 war axe
rCold   . . .      Faith    .   c - +0 buckler
rNeg    . . .      Spirit   .   b - +0 scale mail
rPois   .          Reflect  .   (helmet unavailable)
rElec   .          Harm     .   (no cloak)
rCorr   .          Rampage  .   (no gloves)
Will    .....                   (no boots)
Stlth   ..........              (no amulet)
HPRegen 0.08/turn               (no ring)
MPRegen 0.08/turn               (no ring)

@: no status effects
A: permanent stasis, dig shafts and tunnels, antennae 3, four strong arms
a: Dig, Shaft Self


You were on level 1 of the Dungeon.
You visited 1 branch of the dungeon, and saw 1 of its levels.

You collected 18 gold pieces.

Inventory:

Hand Weapons
 a - a +0 war axe (weapon)
Armour
 b - a +0 scale mail (worn)
 c - a +0 buckler (worn)
Scrolls
 f - a scroll of brand weapon {unknown}
 h - a scroll of identify {unknown}
Potions
 d - a potion of might
 e - a potion of invisibility {unknown}
 g - a potion of degeneration {unknown}


   Skills:
 - Level 3.2 Fighting
 * Level 2.7 Axes
 - Level 3.2 Armour
 + Level 3.9 Shields


You had one spell level left.
You didn't know any spells.
Your spell library was empty.

Dungeon Overview and Level Annotations

Branches:
Dungeon (1/15)

Altars:


Innate Abilities, Weirdness & Mutations

You cannot be hasted, slowed, berserked, paralysed or teleported.
You can dig through walls and to a lower floor.
You have a pair of large antennae on your head. (SInv)
Your four strong arms can wield two-handed weapons with a shield.


Message History

A dart slug comes into view.
You barely miss the dart slug. The dart slug barely misses you.
You slash the dart slug!
You kill the dart slug!
No target in view!
No target in view!
No target in view!
No target in view!
No target in view!
You see here a +0 short sword.
A ball python comes into view.
The ball python hisses angrily.
You closely miss the ball python. The ball python bites you.
The ball python grabs you. The ball python constricts you.
The ball python barely misses you. The ball python constricts you.
You slash the ball python!
You kill the ball python!
No target in view!
No target in view!
No target in view!
No target in view!
No target in view!
A gnoll comes into view. It is wielding a +2 vorpal spear.
A gnoll is nearby!
The gnoll hits you with a +2 vorpal spear.
You barely miss the gnoll.
The gnoll hits you with a +2 vorpal spear.
The gnoll completely misses you.
You hit the gnoll but do no damage. The gnoll closely misses you.
You barely miss the gnoll. The gnoll barely misses you.
You block the gnoll's attack.
You closely miss the gnoll.
The gnoll hits you with a +2 vorpal spear.
You completely miss the gnoll.
The gnoll hits you with a +2 vorpal spear.
* * * LOW HITPOINT WARNING * * *
x2 You hit the gnoll.
The gnoll is moderately wounded.
The gnoll hits you with a +2 vorpal spear.
You die...

.# #..... .. #.#### #.#
## ###.#### .. #......#
#. #.#.##.# #. #.#.....
####g## #.####.. #....@#
#.# ### #.###.# #.# #.
#.# #.# #.###.# #.#
#.....# #.# ##...##
##.###### #...# #.......#
.####...#### #..##.#.#
...........######..#....#


You could see a gnoll.

Vanquished Creatures
  A dart slug (D:1)
  2 endoplasms (D:1)
  A goblin (D:1)
  2 hobgoblins (D:1)
  A quokka (D:1)
  2 ball pythons (D:1)
  A rat (D:1)
10 creatures vanquished.

Notes
Turn   | Place    | Note
-------+----------+-------------------------------------------
     0 | D:1      | YayAnonymity the Formicid Fighter began the quest for the
                  | Orb.
     0 | D:1      | Reached XP level 1. HP: 18/18 MP: 1/1
   276 | D:1      | Reached XP level 2. HP: 24/24 MP: 2/2
   571 | D:1      | Slain by a gnoll

Illustrated notes

Levels and vault maps discovered:
D:1:      wander_arrival_abandoned_jail, layout_loops_corners

Action                   || total
-------------------------++-------
Melee: War axe           ||    35
Armor: Scale mail        ||     8
Dodge: Dodged            ||    19
Block: Buckler           ||     4

Table legend: (Time is in decaauts)
 A = Elapsed time spent in this place.
 B = Non-inter-level travel time spent in this place.
 C = Inter-level travel time spent in this place.
 D = Time resting spent in this place.
 E = Time spent auto-exploring this place.
 F = Levels seen in this place.
 G = Mean time per level.
                   A        B        C        D        E       F      G
               +--------+--------+--------+--------+--------+-----+--------+
         Total |    584 |    584 |      0 |      0 |    462 |   1 |  584.0 |
       Dungeon |    584 |    584 |      0 |      0 |    462 |   1 |  584.0 |
               +--------+--------+--------+--------+--------+-----+--------+

Top non-repeatable levels by time:
     D:1: 584 daAuts
